 Dungeon Crawl Stone Soup version 0.32-a0-411-g744942f433 (webtiles) character file.

Game seed: 9097387449291352343

7605 javelincjr the Fighter (level 11, -1/87 HPs)
             Began as a Coglin Warper on Feb 20, 2024.
             Was a Follower of Qazlal.
             Slain by a yak (4 damage)
             ... on level 10 of the Dungeon.
             The game lasted 00:45:02 (8992 turns).

javelincjr the Fighter (Coglin Warper)              Turns: 8992, Time: 00:45:03

Health: -1/87      AC: 17    Str: 22    XL:     11   Next: 17%
Magic:  18/20      EV: 10    Int: 13    God:    Qazlal [*.....]
Gold:   758        SH:  1    Dex: 13    Spells: 7/22 levels left

rFire   . . .        b - +6 flail (heavy) {Shatamurrim}
rCold   . . .        i - +4 flail {Urai}
rNeg    . . .        C - +0 chain mail
rPois   .            n - +1 helmet
rElec   .            (no cloak)
rCorr   .            Q - +0 pair of gloves
SInv    .            (no boots)
Will    .....        S - amulet of regeneration Stlth
                     W - +4 ring of protection
HPRegen 1.14/turn    y - +6 ring of strength
MPRegen 0.17/turn

%: no passive effects
@: revved
A: off-hand wielding, slow wielding, warmup strikes, legs shutdown
a: Renounce Religion


You were on level 10 of the Dungeon.
You worshipped Qazlal.
Qazlal was aware of your devotion.
You visited 2 branches of the dungeon, and saw 11 of its levels.

You collected 758 gold pieces.

Inventory:

Hand Weapons
 a - a +0 hand axe of chaos {Wei}
 b - a +6 heavy flail (weapon) {Shatamurrim}
 f - a +0 spear of venom {Tiberia}
 i - a +4 flail (offhand) {Urai}
 r - a +0 spear of freezing {Tawil}
 w - a +2 spear
 F - a +3 flail of holy wrath
 O - a +1 dagger of chaos
Missiles
 d - 7 darts of dispersal
 x - 39 poisoned darts
 z - 5 boomerangs (quivered)
 E - 4 throwing nets
Armour
 n - a +1 helmet (worn)
 o - a +0 scale mail
 u - a +0 plate armour
 C - a +0 chain mail (worn)
 N - +0 steam dragon scales
 Q - a +0 pair of gloves (worn)
Jewellery
 g - a +5 ring of evasion
 h - an amulet of reflection
 p - a ring of fire
 t - a ring of wizardry
 y - a +6 ring of strength (right grasper)
 S - an amulet of regeneration (around neck)
 V - a +6 ring of intelligence
 W - a +4 ring of protection (left grasper)
 X - an amulet of magic regeneration
Wands
 j - a wand of flame (22)
 v - a wand of paralysis (6)
 K - a wand of roots (13)
 R - a wand of digging (8)
 Z - a wand of mindburst (14)
Scrolls
 c - 2 scrolls of blinking
 B - a scroll of vulnerability
 D - 2 scrolls of teleportation
 G - 3 scrolls of amnesia
 H - 5 scrolls of immolation
 I - a scroll of fog
 J - 2 scrolls of silence {unknown}
 P - a scroll of poison
 U - a scroll of fear
 Y - a scroll of acquirement {unknown}
Potions
 k - 2 potions of magic
 l - 4 potions of ambrosia
 m - 2 potions of invisibility
 q - 4 potions of curing
 s - a potion of resistance {unknown}
 A - a potion of haste {unknown}
 L - 2 potions of might {unknown}
 M - a potion of cancellation
 T - 2 potions of lignification


   Skills:
 * Level 8.6 Fighting
 + Level 6.3(6.6) Axes
 + Level 2.1(4.2) Maces & Flails
 - Level 0.9 Throwing
 + Level 5.4 Armour
 + Level 5.8 Dodging
 * Level 6.2 Spellcasting
 + Level 6.6 Translocations
 + Level 5.2 Evocations


You had 7 spell levels left.
You knew the following spells:

 Your Spells              Type           Power      Damage    Failure   Level
a - Blink                 Tloc           42%        N/A       10%         2
b - Lesser Beckoning      Tloc           42%        N/A       10%         2
c - Teleport Other        Tloc           21%        N/A       19%         3
d - Manifold Assault      Tloc           21%        N/A       54%         4
e - Vhi's Electric Charg  Tloc/Air       24%        N/A       94%         4

Your spell library contained the following spells:

 Spells                   Type           Power      Damage    Failure   Level
 Apportation              Tloc           42%        N/A       6%          1
 Jinxbite                 Hex            8%         N/A       83%         2
 Static Discharge         Conj/Air       8%         3-4/arc   83%         2
 Airstrike                Air            2%         2d(1-17)  100%        4
 Brom's Barrelling Bould  Conj/Erth      4%         2d3       100%        4
 Summon Lightning Spire   Summ/Air       4%         N/A       100%        4
 Alistair's Intoxication  Alch           2%         N/A       100%        5
 Arcjolt                  Conj/Air       2%         1d12      100%        5
 Fireball                 Conj/Fire      2%         3d4       100%        5
 Iskenderun's Battlesphe  Conj           4%         2d6       100%        5
 Conjure Ball Lightning   Conj/Air       2%         3x3d6     100%        6
 Plasma Beam              Fire/Air       2%         2x1d12    100%        6
 Orb of Destruction       Conj           2%         9d5       100%        7


Dungeon Overview and Level Annotations

Branches:
Dungeon (10/15)            Temple (1/1) D:5            Lair (0/5) D:9
    Orc: D:9-12

Altars:
Ashenzari
Cheibriados
Dithmenos
Elyvilon
Fedhas
Gozag
Hepliaklqana
Kikubaaqudgha
Makhleb
Nemelex Xobeh
Okawaru
Qazlal
Ru
Sif Muna
Trog
Uskayaw
Vehumet
Wu Jian
Xom
Yredelemnul
Zin
The Shining One

Shops:
D:3 (   D:6 =   D:9 *

Annotations:
D:10 Urug


Innate Abilities, Weirdness & Mutations

You can wield a second weapon in your off-hand.
It takes a long time for you to wield or remove held weapons.
Your first few attacks do less damage.
Attacking and casting redirects power from your legs.


Message History

The yak gores you but does no damage.
You hit the yak with your +4 flail.
The yak is almost dead.
You sock the yak with your +6 heavy flail!
You kill the yak!
Qazlal accepts your kill.
You are no longer unable to travel.
You closely miss the yak with your +6 heavy flail.
You sock the yak with your +4 flail!
A yak comes into view.
The yak gores you!
Urug hits you from afar with a +0 heavy halberd!
The yak gores you!
You sock the yak with your +4 flail!
The yak is heavily wounded.
You bludgeon the yak with your +6 heavy flail!!
You kill the yak!
Qazlal accepts your kill.
You are now surrounded by a storm.
Urug hits you from afar with a +0 heavy halberd!
Casting: Blink (safe; 10% risk of failure)
Confirm with . or Enter, or press ? or * to list all spells.
Aiming: Lesser Beckoning (safe; 10% risk of failure)
Press: ? - help, Shift-Dir - straight line, f - Urug
Aim: Urug, wielding a +0 heavy halberd, wearing a +0 ring mail and quivering silver javelins (100% to hit)
Urug hurls suddenly forward!
You sock Urug with your +4 flail!
Urug is moderately wounded.
You barely miss Urug with your +6 heavy flail.
Urug hits you with a +0 heavy halberd! The yak gores you but does no damage.
You closely miss Urug with your +6 heavy flail.
Urug is moderately wounded.
You hit Urug with your +4 flail. Urug hits you with a +0 heavy halberd!!
* * * LOW HITPOINT WARNING * * *
The yak completely misses you.
You feel much better.
You are no longer unable to travel.
Urug hits you with a +0 heavy halberd!!
* * * LOW HITPOINT WARNING * * *
The yak gores you.
You die...

##### .
#<..# ...
+.#.#
.....#Y#.#
#.o@.#
#.Y###
#... ...##
####


You could see Urug and 2 yaks.

Vanquished Creatures
  2 two-headed ogres
  2 yaks (D:10)
  Eustachio (D:6)
  3 steam dragons
  A wyvern (D:9)
  6 water moccasins
  2 orc warriors
  2 ice beasts
  A sky beast (D:8)
  6 black bears
  3 ogres
  7 centaurs
  3 phantoms (D:5)
  A kobold brigand (D:4)
  A gnoll sergeant (D:8)
  8 bullfrogs
  5 scorpions
  8 wights
  2 water moccasin zombies (D:5)
  12 killer bees
  A crimson imp (D:9)
  2 bullfrog zombies (D:5)
  A bombardier beetle (D:7)
  3 jellies
  An orc priest (D:5)
  2 hounds
  An iguana (D:5)
  A sleepcap (D:6)
  2 orc wizards
  A scorpion zombie (D:5)
  A hound skeleton (D:5)
  7 gnolls (D:5)
  6 adders
  2 shadow imps (D:6)
  A white imp (D:6)
  2 ufetubi (D:7)
  An adder skeleton (D:5)
  The ghost of zenocrate the Sneak, a weakling DsDe (D:5)
  A dart slug (D:3)
  3 ribbon worms
  28 orcs
  8 bats
  10 endoplasms
  2 giant cockroaches (D:1)
  7 hobgoblins
  A jackal (D:1)
  13 kobolds
  A quokka (D:4)
  9 ball pythons
  4 frilled lizards
  7 goblins
  11 rats
217 creatures vanquished.

Vanquished Creatures (others)
  2 killer bees (D:7)
2 creatures vanquished.

Grand Total: 219 creatures vanquished

Notes
Turn   | Place    | Note
-------+----------+-------------------------------------------
     0 | D:1      | javelincjr the Coglin Warper began the quest for the Orb.
     0 | D:1      | Reached XP level 1. HP: 16/16 MP: 3/3
    99 | D:1      | Reached skill level 1 in Armour
   168 | D:1      | Reached XP level 2. HP: 22/22 MP: 4/4
   262 | D:1      | Reached XP level 3. HP: 28/28 MP: 4/6
   385 | D:1      | Learned a level 2 spell: Blink
   388 | D:1      | Learned a level 2 spell: Lesser Beckoning
   891 | D:2      | Reached XP level 4. HP: 34/34 MP: 7/7
   982 | D:2      | Found a faded altar of an unknown god.
  1614 | D:3      | Reached skill level 3 in Fighting
  1656 | D:3      | Found Urilocesm's Weapon Shoppe.
  1815 | D:3      | Reached XP level 5. HP: 37/41 MP: 8/8
  2135 | D:3      | Found a shadowy altar of Dithmenos.
  2359 | D:4      | Noticed a black bear
  2363 | D:4      | Noticed an ogre
  2372 | D:4      | Killed a black bear
  2373 | D:4      | Reached XP level 6. HP: 47/47 MP: 9/9
  2525 | D:4      | Found a basalt altar of Yredelemnul.
  2666 | D:4      | Noticed a steam dragon
  2677 | D:4      | Killed a steam dragon
  2678 | D:4      | Reached skill level 4 in Fighting
  2678 | D:4      | Reached XP level 7. HP: 32/54 MP: 11/11
  3289 | D:5      | Entered Level 5 of the Dungeon
  3477 | D:5      | Reached skill level 5 in Fighting
  3477 | D:5      | Reached XP level 8. HP: 58/62 MP: 12/12
  3686 | D:5      | Found a staircase to the Ecumenical Temple.
  3697 | Temple   | Entered the Ecumenical Temple
  4124 | D:5      | Found a runed translucent gate.
  4124 | D:5      | Found a runed translucent gate.
  4124 | D:5      | Found a runed translucent gate.
  4124 | D:5      | Noticed zenocrate's ghost (weakling DsDe)
  4134 | D:5      | Killed zenocrate's ghost
  4183 | D:5      | Reached skill level 5 in Translocations
  4197 | D:5      | Reached skill level 6 in Fighting
  4197 | D:5      | Reached XP level 9. HP: 51/69 MP: 14/14
  4586 | D:6      | Found a white marble altar of Elyvilon.
  4592 | D:6      | Reached skill level 1 in Evocations
  4683 | D:6      | Found Xaxu's Jewellery Boutique.
  4809 | D:6      | Reached skill level 5 in Axes
  4923 | D:6      | Noticed Eustachio
  4946 | D:6      | Killed Eustachio
  5195 | D:6      | Found a glowing golden altar of the Shining One.
  5422 | D:6      | Learned a level 3 spell: Teleport Other
  5427 | D:6      | Learned a level 4 spell: Manifold Assault
  5432 | D:6      | Learned a level 4 spell: Vhi's Electric Charge
  6040 | D:7      | Reached skill level 7 in Fighting
  6287 | D:7      | Found a shimmering blue altar of Sif Muna.
  6323 | D:7      | Reached skill level 5 in Dodging
  6546 | D:7      | Reached XP level 10. HP: 79/79 MP: 17/17
  6946 | D:8      | Noticed a two-headed ogre
  6949 | D:8      | Reached skill level 5 in Spellcasting
  6950 | D:8      | Killed a two-headed ogre
  7074 | D:8      | Found a snail-covered altar of Cheibriados.
  7075 | D:8      | Found a glowing silver altar of Zin.
  7077 | D:8      | Found a stormy altar of Qazlal.
  7078 | D:8      | Found a sparkling altar of Nemelex Xobeh.
  7081 | D:8      | Became a worshipper of Qazlal Stormbringer
  7122 | D:8      | Found an ancient bone altar of Kikubaaqudgha.
  8134 | D:9      | Found Ramal's Overcharged Wands.
  8158 | D:9      | Reached skill level 5 in Armour
  8260 | D:9      | Reached skill level 8 in Fighting
  8376 | D:9      | Reached skill level 1 in Maces & Flails
  8464 | D:9      | Found a staircase to the Lair.
  8670 | D:9      | Reached XP level 11. HP: 87/87 MP: 19/19
  8694 | D:9      | Noticed a two-headed ogre
  8701 | D:9      | Killed a two-headed ogre
  8702 | D:9      | Reached skill level 5 in Evocations
  8799 | D:9      | Found a shimmering altar of Xom.
  8799 | D:9      | Found a burning altar of Makhleb.
  8978 | D:10     | Entered Level 10 of the Dungeon
  8982 | D:10     | Noticed Urug
  8988 | D:10     | Reached * piety under Qazlal
  8992 | D:10     | HP: 3/87 [Urug/+0 heavy halberd (30)]
  8992 | D:10     | Slain by a yak

Illustrated notes

Levels and vault maps discovered:
D:1:      dpeg_arrival_pond, layout_loops_ring
D:2:      layout_basic, hellmonk_ecumenical_altar_zigzags, hex_tiny,
          minmay_vboxes
D:3:      layout_loops_cross, overflow_temple_1_default, serial_shops,
          nicolae_shop_temple_entry_statues_fountains
D:4:      minmay_octagon_keep, layout_loops_ring, mainiacjoe_overflow_chevrons,
          lexackson_kobold_supper
D:5:      layout_basic, minmay_temple_entry_glassed_door,
          ebering_ghost_rock_garden, serial_undead, serial_undead_b,
          serial_undead_c, serial_undead_a, serial_undead_b, serial_undead_d,
          serial_undead_b, minmay_misc_feat_iff
D:6:      layout_basic, tso_oasis_becter, lemuel_tele_altar, serial_shops,
          nicolae_shop_stone, uniq_eustachio
D:7:      layout_basic, mainiacjoe_overflow_alcove_2, minivault_10
D:8:      layout_layer_cave, minitemple, minmay_fractal_squares_diagonal_5
D:9:      layout_basic, grunt_temple_overflow_champion_of_chaos,
          due_lair_maze_entry_diamond, nicolae_shop_overcharged_wands
D:10:     layout_basic, chequers_serial_rivers_micro_c, uniq_urug
Temple:   nicolae_temple_two_arcs

Skill      XL: |  1  2  3  4  5  6  7  8  9 10 11 |
---------------+----------------------------------+-----
Armour         | 1 2 3 4 5 |  5.4
Dodging        | 2 3 4 5 |  5.8
Spellcasting   | 2 3 4 5 6 |  6.2
Fighting       | 3 4 5 6 7 8 |  8.6
Axes           | 3 4 5 6 |  6.3
Translocations | 4 5 6 |  6.6
Evocations     | 3 4 5 |  5.2
Maces & Flails | 1 2 |  2.1
Throwing       | |  0.9

Action                     |  1- 3 |  4- 6 |  7- 9 | 10-12 || total
---------------------------+-------+-------+-------+-------++-------
  Melee: Hand axe          |    57 |    96 |   241 |    34 ||   428
         Short sword       |    41 |     8 |       |       ||    49
         Spear             |       |    85 |   394 |       ||   479
         Flail             |       |       |    19 |   147 ||   166
  Throw: Boomerang         |       |     2 |    29 |    31 ||    62
   Cast: Blink             |       |     1 |     1 |     1 ||     3
         Lesser Beckoning  |       |       |     3 |     2 ||     5
         Manifold Assault  |       |       |     2 |     3 ||     5
    Use: Scroll            |       |     7 |     7 |    10 ||    24
         Potion            |       |       |       |     2 ||     2
   Stab: Paralysed         |       |       |     5 |       ||     5
         Confused          |       |       |     6 |       ||     6
         Sleeping          |       |       |     1 |     2 ||     3
         Held in net/web   |       |       |     1 |     1 ||     2
 Armour: Leather armour    |    23 |    17 |       |       ||    40
         Ring mail         |       |    16 |    54 |       ||    70
         Scale mail        |       |       |    21 |       ||    21
         Steam dragon scal |       |       |    50 |   133 ||   183
         Chain mail        |       |       |       |    15 ||    15
  Dodge: Dodged            |    52 |    73 |   246 |   169 ||   540
  Block: Other             |     9 |    18 |    58 |       ||    85
         Reflection        |       |     1 |     2 |       ||     3

Table legend: (Time is in decaauts)
 A = Elapsed time spent in this place.
 B = Non-inter-level travel time spent in this place.
 C = Inter-level travel time spent in this place.
 D = Time resting spent in this place.
 E = Time spent auto-exploring this place.
 F = Levels seen in this place.
 G = Mean time per level.
                   A        B        C        D        E       F      G
               +--------+--------+--------+--------+--------+-----+--------+
         Total |   9075 |   8823 |    252 |    178 |   6799 |  11 |  825.0 |
       Dungeon |   9035 |   8815 |    220 |    178 |   6799 |  10 |  903.5 |
        Temple |     40 |      8 |     32 |      0 |      0 |   1 |   40.0 |
               +--------+--------+--------+--------+--------+-----+--------+

Top non-repeatable levels by time:
     D:7: 1395 daAuts
     D:8: 1279 daAuts
     D:5: 1233 daAuts
     D:4: 971 daAuts
     D:6: 917 daAuts
     D:9: 886 daAuts
     D:1: 830 daAuts
     D:2: 786 daAuts
     D:3: 717 daAuts
  Temple: 40 daAuts
    D:10: 16 daAuts
